 Dungeon Crawl Stone Soup version 0.28.0-47-ge53b351184 (webtiles) character file.

Game seed: 11641536681477470581

39 Bruhh the Chopper (level 3, 0/31 HPs)
             Began as a Hill Orc Fighter on May 1, 2022.
             Slain by a worm (8 damage)
             ... on level 2 of the Dungeon.
             The game lasted 00:01:24 (1159 turns).

Bruhh the Chopper (Hill Orc Fighter)                Turns: 1159, Time: 00:01:24

Health: 0/31       AC:  6    Str: 20    XL:     3   Next: 45%
Magic:  3/3        EV:  9    Int:  8    God:
Gold:   29         SH:  4    Dex: 10    Spells: 2/2 levels left

rFire   . . .      SeeInvis .   a - +0 war axe
rCold   . . .      Faith    .   c - +0 buckler
rNeg    . . .      Spirit   .   b - +0 scale mail
rPois   .          Reflect  .   (no helmet)
rElec   .          Harm     .   (no cloak)
rCorr   .          Rampage  .   (no gloves)
Will    .....                   (no boots)
Stlth   ..........              (no amulet)
HPRegen 0.10/turn               (no ring)
MPRegen 0.08/turn               (no ring)

@: no status effects
A: no striking features
a: no special abilities


You were on level 2 of the Dungeon.
You visited 1 branch of the dungeon, and saw 2 of its levels.

You collected 29 gold pieces.

Inventory:

Hand Weapons
 a - a +0 war axe (weapon)
Armour
 b - a +0 scale mail (worn)
 c - a +0 buckler (worn)


   Skills:
 - Level 3.6 Fighting
 + Level 5.0 Axes
 - Level 3.2 Armour
 - Level 3.2 Shields


You had 2 spell levels left.
You didn't know any spells.
Your spell library was empty.

Dungeon Overview and Level Annotations

Branches:
Dungeon (2/15)

Altars:


Message History

The giant cockroach bites you but does no damage.
The giant cockroach bites you.
You hit the giant cockroach but do no damage.
The giant cockroach is heavily wounded.
The giant cockroach bites you but does no damage.
You slash the giant cockroach!
You kill the giant cockroach!
The kobold barely misses you.
You barely miss the kobold. The kobold barely misses you.
You closely miss the kobold. The kobold hits you with a +0 dagger.
You closely miss the kobold. The kobold hits you with a +0 dagger.
The kobold hits you but does no damage.
You closely miss the kobold. You block the kobold's attack.
You closely miss the kobold. The kobold hits you but does no damage.
You completely miss the kobold. You block the kobold's attack.
The kobold barely misses you.
You barely miss the kobold. The kobold hits you with a +0 dagger.
You barely miss the kobold. The kobold hits you but does no damage.
You hit the kobold.
You kill the kobold!
You barely miss the worm. You slash the worm!
The worm is heavily wounded.
You block the worm's attack.
You hit the worm but do no damage.
The worm is heavily wounded.
The worm bites you!
You hit the worm.
The worm is heavily wounded.
You block the worm's attack.
You barely miss the worm.
The worm is heavily wounded.
The worm bites you!
* * * LOW HITPOINT WARNING * * *
You slash the worm!
The worm is severely wounded.
You hit the worm.
The worm is almost dead.
The worm bites you!
You die...

#.#
#.################
#................#
#..#############.#
#(.# #.# #..# #.#
#..# #.# #..# #.#
. #..# #@# ...
...# #w###..$..
#......#
#.†.......
#.........
#.........
..........
#.......###
#.......#


You could see a worm.

Vanquished Creatures
  An adder (D:2)
  A worm (D:2)
  A dart slug (D:1)
  5 endoplasms (D:1)
  A giant cockroach (D:2)
  2 hobgoblins (D:1)
  A kobold (D:2)
  A quokka (D:1)
  4 ball pythons
  3 bats (D:1)
  2 frilled lizards (D:1)
  3 rats
25 creatures vanquished.

Vanquished Creatures (others)
  A plant (D:1)
1 creature vanquished.

Grand Total: 26 creatures vanquished

Notes
Turn   | Place    | Note
-------+----------+-------------------------------------------
     0 | D:1      | Bruhh the Hill Orc Fighter began the quest for the Orb.
     0 | D:1      | Reached XP level 1. HP: 19/19 MP: 1/1
    65 | D:1      | Reached skill level 3 in Axes
   136 | D:1      | Found a faded altar of an unknown god.
   144 | D:1      | Reached XP level 2. HP: 26/26 MP: 2/2
   194 | D:1      | Reached skill level 4 in Axes
   909 | D:2      | Reached XP level 3. HP: 16/31 MP: 3/3
  1131 | D:2      | Reached skill level 5 in Axes
  1159 | D:2      | Slain by a worm

Illustrated notes

Levels and vault maps discovered:
D:1:      arrival_zaba_pyramid, layout_basic,
          shapermc_ecumenical_altar_mp_ritualfount
D:2:      layout_basic, minmay_heptomino_w4

Skill      XL: |  1  2  3 |
---------------+----------+-----
Axes           | 3 4 5 |  5.0
Fighting       | |  3.6
Armour         | |  3.2
Shields        | |  3.2

Action                   || total
-------------------------++-------
Melee: War axe           ||   107
  Use: Potion            ||     1
Armor: Scale mail        ||    52
Dodge: Dodged            ||    50
Block: Buckler           ||    23
